 Dungeon Crawl Stone Soup version 0.24-a0-762-gca426f56c8 (webtiles) character file.

Game seed: 8575744706839753367, levelgen mode: deterministic

268 Joeren the Shield-Bearer (level 6, -13/47 HPs)
             Began as a Formicid Fighter on Oct 1, 2019.
             Mangled by a gnoll
             ... wielding a +0 halberd
              (16 damage)
             ... on level 3 of the Dungeon on Oct 3, 2019.
             The game lasted 00:28:00 (2672 turns).

Joeren the Shield-Bearer (Formicid Fighter)         Turns: 2672, Time: 00:28:01

Health: -13/47     AC:  6    Str: 22    XL:     6   Next: 45%
Magic:  6/6        EV:  8    Int:  8    God:
Gold:   77         SH: 10    Dex: 10    Spells: 5/5 levels left

rFire    . . .     SeeInvis +   a - +0 trident
rCold    . . .     Gourm    .   c - +0 shield
rNeg     . . .     Faith    .   b - +0 scale mail
rPois    .         Spirit   .   (helmet unavailable)
rElec    .         Reflect  .   (no cloak)
rCorr    .         Harm     .   (no gloves)
MR       .....                  (no boots)
Stlth    ..........             (no amulet)
HPRegen  0.15/turn              (no ring)
MPRegen  0.10/turn              (no ring)

@: no status effects
A: permanent stasis, dig shafts and tunnels, four strong arms, antennae 3
a: Dig, Shaft Self


You were on level 3 of the Dungeon.
You were not hungry.

You visited 1 branch of the dungeon, and saw 4 of its levels.

You collected 77 gold pieces.

Inventory:

Hand Weapons
 a - a +0 trident (weapon)
Armour
 b - a +0 scale mail (worn)
 c - a +0 shield (worn)
Scrolls
 e - a scroll of random uselessness {unknown}
 g - 2 scrolls of remove curse
 i - 4 scrolls of identify {unknown}
 l - 4 scrolls of teleportation {unknown}
 n - 2 scrolls of fog {unknown}
 o - a scroll of immolation {unknown}
 t - a scroll of enchant weapon {unknown}
Potions
 d - 3 potions of might
 h - a potion of heal wounds {unknown}
 j - a potion of berserk rage {unknown}
 k - 2 potions of haste {unknown}
 m - 2 potions of magic {unknown}
 p - a potion of brilliance {unknown}
 q - a potion of agility {unknown}
 s - a potion of curing {unknown}
Comestibles
 f - 5 rations
 r - 2 chunks of flesh


   Skills:
 - Level 3.2 Fighting
 * Level 5.3 Polearms
 - Level 3.2 Armour
 + Level 5.4 Shields


You had 5 spell levels left.
You didn't know any spells.
Your spell library was empty.

Dungeon Overview and Level Annotations

Branches:
Dungeon (4/15)
 Temple: D:4-7

Altars:
Ru
Trog


Innate Abilities, Weirdness & Mutations

You cannot be hasted, slowed, berserked, paralysed or teleported.
You can dig through walls and to a lower floor.
Your four strong arms can wield two-handed weapons with a shield.
You have a pair of large antennae on your head. (SInv)


Message History

You kill the gnoll!
The gnoll hits you with a +0 halberd!
You are too injured to fight recklessly!
You are too injured to fight recklessly!
You hit the gnoll.
The gnoll is heavily wounded.
The gnoll barely misses you.
Your scale mail prevents you from hitting the gnoll.
The gnoll is heavily wounded.
The gnoll hits you with a +0 halberd!
* * * LOW HITPOINT WARNING * * *
You completely miss the gnoll.
The gnoll is heavily wounded.
You barely miss the gnoll.
The gnoll is heavily wounded.
You block the gnoll's attack.
You hit the gnoll.
The gnoll is almost dead.
The gnoll hits you with a +0 halberd!
You die...

#### .≈≈## ≈≈≈# ≈≈##
########≈≈# .......#≈≈##
.......'..(# ......g))..#
......)@...############
.......#≈≈((((.........
########≈≈.##.........
#.g≈≈≈#.##..(...##
'..≈≈≈#.##......#####
#..≈≈....'...........
.#####..≈≈.#.##......#####
........≈≈.#.##......#####
.......≈≈≈.#.##...........


You could see a gnoll.

Vanquished Creatures
  A scorpion (D:4)
  A hound (D:4)
  An orc wizard (D:3)
  2 gnolls (D:3)
  5 adders
  2 worms (D:2)
  A dart slug (D:1)
  5 leopard geckos
  An orc (D:2)
  A ball python (D:2)
  2 bats
  2 giant cockroaches
  14 goblins
  9 hobgoblins
  11 jackals
  13 kobolds
  6 frilled lizards
  11 rats
88 creatures vanquished.

Notes
Turn   | Place    | Note
-------+----------+-------------------------------------------
     0 | D:1      | Joeren the Formicid Fighter began the quest for the Orb.
     0 | D:1      | Reached XP level 1. HP: 18/18 MP: 1/1
    80 | D:1      | Reached XP level 2. HP: 18/24 MP: 2/2
   320 | D:1      | Reached XP level 3. HP: 17/29 MP: 3/3
   859 | D:1      | Reached XP level 4. HP: 35/35 MP: 4/4
  1371 | D:2      | Upgraded the game from 0.24-a0-725-gf1a930fc54 to
                  | 0.24-a0-762-gca426f56c8
  1518 | D:2      | Reached XP level 5. HP: 19/41 MP: 5/5
  1971 | D:2      | Found a bloodstained altar of Trog.
  2217 | D:4      | Reached skill level 5 in Shields
  2248 | D:3      | Found a sacrificial altar of Ru.
  2256 | D:3      | Reached XP level 6. HP: 41/47 MP: 6/6
  2266 | D:3      | Reached skill level 5 in Polearms
  2672 | D:3      | Mangled by a gnoll

Levels and vault maps discovered:
D:1:      mrwooster_arrival_statue_3, layout_basic, interstate_on_off,
          hex_intersection
D:2:      layout_basic, trog_book
D:3:      kennysheep_goblin_castle, layout_basic,
          nicolae_ru_great_annihilating_truth, uniq_natasha
D:4:      layout_basic, first_ration, kennysheep_orc_chapel, uniq_edmund,
          uniq_duvessa

Skill      XL: |  1  2  3  4  5  6 |
---------------+-------------------+-----
Shields        | 4 5 |  5.4
Polearms       | 3 4 5 |  5.3
Fighting       | |  3.2
Armour         | |  3.2

Action                   |  1- 3 |  4- 6 || total
-------------------------+-------+-------++-------
Melee: Trident           |   121 |   235 ||   356
  Use: Scroll            |       |     1 ||     1
  Eat: Chunk             |       |     6 ||     6
Armor: Scale mail        |    51 |    74 ||   125
Dodge: Dodged            |    59 |    75 ||   134
Block: Shield            |    85 |   134 ||   219

Table legend:
 A = Non-vault XP
 B = Vault XP
 C = Vault XP percentage of total XP
 D = Non-vault monster count
 E = Vault monster count
 F = Vault count percentage of total count
                 A         B        C        D         E       F
            +---------+---------+-------+---------+---------+-------
      Total |     335 |      48 |  12.5 |      80 |       8 |   9.1
            +---------+---------+-------+---------+---------+-------
        D:1 |      72 |       0 |   0.0 |      35 |       0 |   0.0
        D:2 |      97 |       0 |   0.0 |      33 |       0 |   0.0
        D:3 |      56 |      48 |  46.2 |      10 |       8 |  44.4
        D:4 |     110 |       0 |   0.0 |       2 |       0 |   0.0
            +---------+---------+-------+---------+---------+-------
